TOP OF THE 1ST |
Cincinnati Pride batting - Pitching for Little Rock Lemmiwinks : LHP Henny van der Lack
|
Pitching: LHP Henny van der Lack
|
|
Batting: SHB Jaime Martínez
|
0-0: SINGLE (Groundball, 56S) (infield hit)
|
Batting: RHB George Martin
|
0-0: Ball 1-0: Ball 2-0: Called Strike 2-1: Foul Ball, location: 2F 2-2: Strikes out swinging
|
Batting: LHB John Clark
|
0-0: Called Strike 0-1: Ball Jaime Martínez is caught stealing 2nd base 1-1: SINGLE (Line Drive, 56D)
|
Batting: LHB Gabriel Aragón
|
0-0: Called Strike 0-1: Swinging Strike 0-2: Fielders Choice at 2nd, 4-6 (Groundball, 4)
|
Top of the 1st over - 0 run(s), 2 hit(s), 0 error(s), 0 left on base; Cincinnati 0 - Little Rock 0 |
BOTTOM OF THE 1ST |
Little Rock Lemmiwinks batting - Pitching for Cincinnati Pride : LHP José Reyes
|
Pitching: LHP José Reyes
|
|
Batting: LHB Elvin Summers
|
0-0: Foul Ball, location: 2F 0-1: Foul Ball, location: 2F 0-2: Ball 1-2: Strikes out looking
|
Batting: LHB Dave Raines
|
0-0: Foul Ball, location: 2F 0-1: Ball 1-1: Swinging Strike 1-2: Strikes out swinging
|
Batting: RHB Jorge Mora
|
0-0: Ball 1-0: DOUBLE (Line Drive, 7D)
|
Batting: RHB Jaime Hernández
|
0-0: Ball 1-0: Swinging Strike 1-1: Ball 2-1: Called Strike 2-2: Ball 3-2: Fly out, F9 (Flyball, 9)
|
Bottom of the 1st over - 0 run(s), 1 hit(s), 0 error(s), 1 left on base; Cincinnati 0 - Little Rock 0 |
TOP OF THE 2ND |
Cincinnati Pride batting - Pitching for Little Rock Lemmiwinks : LHP Henny van der Lack
|
Batting: LHB Paco Córdova
|
0-0: Swinging Strike 0-1: Fly out, F5 (Line Drive, 5)
|
Batting: RHB Bartolo Montero
|
0-0: Foul Ball, location: 2F 0-1: Ball 1-1: Foul Ball, location: 2F 1-2: Foul Ball, location: 2F 1-2: Strikes out swinging
|
Batting: RHB Jorge Silva
|
0-0: Ball 1-0: Ball 2-0: Called Strike 2-1: Ball 3-1: Base on Balls
|
Batting: RHB Pete Woods
|
0-0: Called Strike 0-1: Called Strike 0-2: Foul Ball, location: 2F 0-2: Strikes out swinging
|
Top of the 2nd over - 0 run(s), 0 hit(s), 0 error(s), 1 left on base; Cincinnati 0 - Little Rock 0 |
BOTTOM OF THE 2ND |
Little Rock Lemmiwinks batting - Pitching for Cincinnati Pride : LHP José Reyes
|
Batting: RHB Nicoli Turina
|
0-0: Ball 1-0: Swinging Strike 1-1: Called Strike 1-2: Strikes out swinging
|
Batting: RHB James Hunter
|
0-0: Called Strike 0-1: Swinging Strike 0-2: Ball 1-2: Fly out, F7 (Flyball, 78M)
|
Batting: RHB Bill Bourland
|
0-0: Called Strike 0-1: Called Strike 0-2: Ball 1-2: Ground out 4-3 (Groundball, 4S)
|
Bottom of the 2nd over - 0 run(s), 0 hit(s), 0 error(s), 0 left on base; Cincinnati 0 - Little Rock 0 |
TOP OF THE 3RD |
Cincinnati Pride batting - Pitching for Little Rock Lemmiwinks : LHP Henny van der Lack
|
Batting: RHB Dave Crawford
|
0-0: Foul Ball, location: 2F 0-1: Ball 1-1: Ball 2-1: Ball 3-1: Base on Balls
|
Batting: SHB Jaime Martínez
|
0-0: Fielders Choice at 2nd, 5-4 (Groundball, 56)
|
Batting: RHB George Martin
|
0-0: Swinging Strike 0-1: Foul Ball, location: 2F 0-2: Grounds into double play, 4-6-3 (Groundball, 4M)
|
Top of the 3rd over - 0 run(s), 0 hit(s), 0 error(s), 0 left on base; Cincinnati 0 - Little Rock 0 |
BOTTOM OF THE 3RD |
Little Rock Lemmiwinks batting - Pitching for Cincinnati Pride : LHP José Reyes
|
Batting: RHB Juan Trujillo
|
0-0: Ball 1-0: Called Strike 1-1: Fly out, F8 (Flyball, 8LM)
|
Batting: RHB Álex Martínez
|
0-0: Ball 1-0: Ball 2-0: Foul Ball, location: 2F 2-1: Reached on error, E6 (Groundball, 6)
|
Batting: LHB Elvin Summers
|
0-0: Called Strike 0-1: Ball Álex Martínez is caught stealing 2nd base 1-1: Ball 2-1: Ball 3-1: Foul Ball, location: 2F 3-2: Fly out, F6 (Popup, 56D)
|
Bottom of the 3rd over - 0 run(s), 0 hit(s), 1 error(s), 0 left on base; Cincinnati 0 - Little Rock 0 |
TOP OF THE 4TH |
Cincinnati Pride batting - Pitching for Little Rock Lemmiwinks : LHP Henny van der Lack
|
Batting: LHB John Clark
|
0-0: Called Strike 0-1: Hit by Pitch
|
Batting: LHB Gabriel Aragón
|
0-0: SINGLE (Line Drive, 9LS) John Clark to second Runner from 2nd tries for 3rd, SAFE, throw made to third
|
Batting: LHB Paco Córdova
|
0-0: Called Strike 0-1: Ball 1-1: Foul Ball, location: 2F 1-2: Strikes out looking
|
Batting: RHB Bartolo Montero
|
0-0: Called Strike 0-1: Foul Ball, location: 2F 0-2: Foul Ball, location: 2F 0-2: Ball 1-2: Strikes out swinging
|
Batting: RHB Jorge Silva
|
0-0: Foul Ball, location: 2F 0-1: Swinging Strike 0-2: Strikes out looking
|
Top of the 4th over - 0 run(s), 1 hit(s), 0 error(s), 2 left on base; Cincinnati 0 - Little Rock 0 |
BOTTOM OF THE 4TH |
Little Rock Lemmiwinks batting - Pitching for Cincinnati Pride : LHP José Reyes
|
Batting: LHB Dave Raines
|
0-0: Called Strike 0-1: Foul Ball, location: 2F 0-2: Ball 1-2: Ball 2-2: SINGLE (Line Drive, 6MD)
|
Batting: RHB Jorge Mora
|
0-0: SINGLE (Groundball, 3D) Dave Raines to second Runner from 2nd tries for 3rd, SAFE, throw made to third
|
Batting: RHB Jaime Hernández
|
0-0: Called Strike 0-1: Ball 1-1: SINGLE (Flyball, 8RS) Dave Raines scores Jorge Mora to second
|
Batting: RHB Nicoli Turina
|
0-0: Called Strike 0-1: Ball 1-1: Foul Ball, location: 2F 1-2: Ball 2-2: Ball 3-2: Strikes out swinging
|
Batting: RHB James Hunter
|
0-0: Called Strike 0-1: Ball 1-1: Ball 2-1: DOUBLE (Line Drive, 7LM) Jorge Mora scores Jaime Hernández to third
|
Batting: RHB Bill Bourland
|
0-0: Ground out 5-3 (Groundball, 5S)
|
Batting: RHB Juan Trujillo
|
0-0: Called Strike 0-1: Foul Ball, location: 2F 0-2: Ball 1-2: Strikes out looking
|
Bottom of the 4th over - 2 run(s), 4 hit(s), 0 error(s), 2 left on base; Cincinnati 0 - Little Rock 2 |
TOP OF THE 5TH |
Cincinnati Pride batting - Pitching for Little Rock Lemmiwinks : LHP Henny van der Lack
|
Batting: RHB Pete Woods
|
0-0: Swinging Strike 0-1: Ball 1-1: Ball 2-1: Foul Ball, location: 2F 2-2: SINGLE (Line Drive, 9S)
|
Batting: RHB Dave Crawford
|
0-0: Ball 1-0: Reached on error, E5 (Groundball, 56) Pete Woods to second
|
Batting: SHB Jaime Martínez
|
0-0: Swinging Strike 0-1: Foul Ball, location: 2F 0-2: Ball 1-2: Ball 2-2: Fielders Choice at 2nd, 6-4 (Groundball, 56) Pete Woods to third
|
Batting: RHB George Martin
|
0-0: Called Strike 0-1: Ball 1-1: Fielders Choice at 2nd, 1-4 (Groundball, 15S)
|
Batting: LHB John Clark
|
0-0: Ball 1-0: Ball 2-0: Called Strike 2-1: Ball 3-1: Base on Balls George Martin to second
|
Batting: LHB Gabriel Aragón
|
0-0: Ball 1-0: Ball 2-0: Ball 3-0: Base on Balls Pete Woods scores George Martin to third John Clark to second
|
Batting: LHB Paco Córdova
|
0-0: Called Strike 0-1: Swinging Strike 0-2: Ball 1-2: Ball 2-2: Ball 3-2: Base on Balls George Martin scores John Clark to third Gabriel Aragón to second
|
Batting: RHB Bartolo Montero
|
0-0: Foul Ball, location: 2F 0-1: Swinging Strike 0-2: Ball 1-2: Strikes out swinging
|
Top of the 5th over - 2 run(s), 1 hit(s), 1 error(s), 3 left on base; Cincinnati 2 - Little Rock 2 |
BOTTOM OF THE 5TH |
Little Rock Lemmiwinks batting - Pitching for Cincinnati Pride : LHP José Reyes
|
Batting: RHB Álex Martínez
|
0-0: Fly out, F7 (Line Drive, 7)
|
Batting: LHB Elvin Summers
|
0-0: Called Strike 0-1: Swinging Strike 0-2: Ball 1-2: Fly out, F7 (Flyball, 78M)
|
Batting: LHB Dave Raines
|
0-0: Ball 1-0: Ball 2-0: Ball 3-0: Called Strike 3-1: Foul Ball, location: 2F 3-2: Base on Balls
|
Batting: RHB Jorge Mora
|
0-0: Called Strike 0-1: Ball 1-1: Ball 2-1: Ball 3-1: Fielders Choice at 2nd, 6-4 (Groundball, 6)
|
Bottom of the 5th over - 0 run(s), 0 hit(s), 0 error(s), 0 left on base; Cincinnati 2 - Little Rock 2 |
TOP OF THE 6TH |
Cincinnati Pride batting - Pitching for Little Rock Lemmiwinks : LHP Henny van der Lack
|
Pitching: RHP Albert Castro
|
|
Batting: RHB Jorge Silva
|
0-0: Ball 1-0: Called Strike 1-1: Swinging Strike 1-2: SINGLE (Groundball, 4MD)
|
Batting: RHB Pete Woods
|
0-0: Foul Ball, location: 2F 0-1: Foul Ball, location: 2F 0-2: Strikes out swinging
|
Batting: RHB Dave Crawford
|
0-0: Swinging Strike 0-1: Ball 1-1: Swinging Strike 1-2: Strikes out swinging
|
Batting: SHB Jaime Martínez
|
0-0: SINGLE (Groundball, 56S) (infield hit) Jorge Silva to second
|
Batting: RHB George Martin
|
Balk! Jorge Silva to third Jaime Martínez to second 0-0: Called Strike 0-1: Foul Ball, location: 2F 0-2: Fly out, F8 (Line Drive, 8LD)
|
Top of the 6th over - 0 run(s), 2 hit(s), 0 error(s), 2 left on base; Cincinnati 2 - Little Rock 2 |
BOTTOM OF THE 6TH |
Little Rock Lemmiwinks batting - Pitching for Cincinnati Pride : LHP José Reyes
|
Pitching: RHP José Bruschy
|
|
Batting: RHB Jaime Hernández
|
0-0: Called Strike 0-1: Ball 1-1: Ball 2-1: Foul Ball, location: 2F 2-2: Foul Ball, location: 2F 2-2: Ball 3-2: Foul Ball, location: 2F 3-2: Foul Ball, location: 2F 3-2: Base on Balls
|
Batting: RHB Nicoli Turina
|
0-0: Foul Ball, location: 2F 0-1: Ball 1-1: Foul Ball, location: 2F 1-2: SINGLE (Groundball, 6MD) Jaime Hernández to second Runner from 2nd tries for 3rd, SAFE, throw made to third
|
Batting: RHB James Hunter
|
0-0: Called Strike 0-1: Foul Ball, location: 2F 0-2: Strikes out swinging
|
Batting: RHB Bill Bourland
|
0-0: Called Strike 0-1: Foul Ball, location: 2F 0-2: Ball 1-2: Ball 2-2: Ground out 5-3 (Groundball, 56) Nicoli Turina to second
|
Batting: RHB Juan Trujillo
|
0-0: Called Strike 0-1: Ball 1-1: Foul Ball, location: 2F 1-2: Strikes out swinging
|
Bottom of the 6th over - 0 run(s), 1 hit(s), 0 error(s), 2 left on base; Cincinnati 2 - Little Rock 2 |
TOP OF THE 7TH |
Cincinnati Pride batting - Pitching for Little Rock Lemmiwinks : RHP Albert Castro
|
Pitching: LHP Alberto Galindo
|
|
Batting: LHB John Clark
|
0-0: Ball 1-0: Called Strike 1-1: Foul Ball, location: 2F 1-2: Ball 2-2: Foul Ball, location: 2F 2-2: Foul Ball, location: 2F 2-2: Ball 3-2: Strikes out swinging
|
Batting: LHB Gabriel Aragón
|
0-0: Called Strike 0-1: Ball 1-1: Ball 2-1: Ball 3-1: Foul Ball, location: 2F 3-2: Base on Balls
|
Pitching: RHP Ryan Allen
|
|
Batting: LHB Paco Córdova
|
0-0: Ball 1-0: Ball 2-0: Ball 3-0: Base on Balls Gabriel Aragón to second
|
Batting: RHB Bartolo Montero
|
0-0: Ball 1-0: Swinging Strike 1-1: Foul Ball, location: 2F 1-2: Fly out, F7 (Flyball, 7S)
|
Batting: RHB Jorge Silva
|
0-0: Called Strike 0-1: Swinging Strike 0-2: Ball 1-2: Foul Ball, location: 2F 1-2: Strikes out swinging
|
Top of the 7th over - 0 run(s), 0 hit(s), 0 error(s), 2 left on base; Cincinnati 2 - Little Rock 2 |
BOTTOM OF THE 7TH |
Little Rock Lemmiwinks batting - Pitching for Cincinnati Pride : RHP José Bruschy
|
Pinch Hitting: LHB Claudio Palácios
|
0-0: Called Strike 0-1: Foul Ball, location: 2F 0-2: SINGLE (Line Drive, 9S)
|
Pitching: LHP Jon Bridges
|
|
Pinch Hitting: SHB Jorge Rodríguez
|
0-0: Bunted foul 0-1: Sac Bunt - play at first, batter OUT! 3-4 Claudio Palácios to second
|
Pitching: RHP Pedro Ayala
|
|
Batting: LHB Dave Raines
|
0-0: Ball 1-0: Ball 2-0: Ball 3-0: Base on Balls
|
Batting: RHB Jorge Mora
|
0-0: Called Strike 0-1: Fly out, F8 (Flyball, 8LM)
|
Batting: RHB Jaime Hernández
|
0-0: Foul Ball, location: 2F 0-1: Ball 1-1: Ball 2-1: Fly out, F7 (Flyball, 78S)
|
Bottom of the 7th over - 0 run(s), 1 hit(s), 0 error(s), 2 left on base; Cincinnati 2 - Little Rock 2 |
TOP OF THE 8TH |
Cincinnati Pride batting - Pitching for Little Rock Lemmiwinks : RHP Ryan Allen
|
Now at 2B: Ernesto Villa
|
|
Now in LF: Claudio Palácios
|
|
Pinch Hitting: RHB Jorge Flores
|
0-0: Ball 1-0: Ball 2-0: SINGLE (Groundball, 56D)
|
Pinch Hitting: RHB Roger Rush
|
0-0: Ball 1-0: Grounds into double play, 6-4-3 (Groundball, 6)
|
Pinch Hitting: RHB Keith Sheehan
|
0-0: Called Strike 0-1: Swinging Strike 0-2: Reached on error, E5 (Groundball, 56S)
|
Pinch Hitting: RHB Wilson Flores
|
0-0: Ball 1-0: Called Strike 1-1: Called Strike 1-2: Ball 2-2: Strikes out swinging
|
Top of the 8th over - 0 run(s), 1 hit(s), 1 error(s), 1 left on base; Cincinnati 2 - Little Rock 2 |
BOTTOM OF THE 8TH |
Little Rock Lemmiwinks batting - Pitching for Cincinnati Pride : RHP Pedro Ayala
|
Now at 1B: Roger Rush
|
|
Now at 2B: Matt Cole
|
|
Now at SS: Wilson Flores
|
|
Now in RF: Keith Sheehan
|
|
Batting: RHB Nicoli Turina
|
0-0: Called Strike 0-1: Ball 1-1: Fly out, F8 (Flyball, 89M)
|
Batting: RHB James Hunter
|
0-0: Called Strike 0-1: Ball 1-1: Ball 2-1: Ball 3-1: Base on Balls
|
Pinch Runner at 1st Francisco Gonzáles:
|
|
Batting: RHB Bill Bourland
|
0-0: Ball Francisco Gonzáles steals 2nd base 1-0: Intentional Walk
|
Batting: RHB Juan Trujillo
|
0-0: Foul Ball, location: 2F 0-1: Foul Ball, location: 2F 0-2: Foul Ball, location: 2F 0-2: Ball 1-2: Strikes out swinging
|
Batting: LHB Claudio Palácios
|
0-0: Called Strike 0-1: Ball 1-1: Ball 2-1: Called Strike 2-2: Fly out, F8 (Flyball, 8RM)
|
Bottom of the 8th over - 0 run(s), 0 hit(s), 0 error(s), 2 left on base; Cincinnati 2 - Little Rock 2 |
TOP OF THE 9TH |
Cincinnati Pride batting - Pitching for Little Rock Lemmiwinks : RHP Ryan Allen
|
Pitching: RHP José Peña
|
|
Now in CF: Francisco Gonzáles
|
|
Batting: LHB John Clark
|
0-0: Called Strike 0-1: Ball 1-1: Ball 2-1: Swinging Strike 2-2: Reached via error on a dropped throw, E3
|
Pinch Runner at 1st Jorge Hernández:
|
|
Batting: LHB Gabriel Aragón
|
0-0: Ball Jorge Hernández steals 2nd base 1-0: Intentional Walk
|
Batting: LHB Paco Córdova
|
0-0: Called Strike 0-1: Ball 1-1: Ball 2-1: Called Strike 2-2: DOUBLE (Line Drive, 78XD) Jorge Hernández scores Gabriel Aragón to third
|
Batting: RHB Bartolo Montero
|
0-0: Intentional Walk
|
Batting: RHB Jorge Silva
|
0-0: Foul Ball, location: 2F 0-1: Ball 1-1: Ball 2-1: Fly out, F9 (Flyball, 9)
|
Pinch Hitting: RHB Álex Hernández
|
0-0: Called Strike 0-1: Foul Ball, location: 2F 0-2: Ball 1-2: Ball 2-2: Strikes out swinging
|
Batting: RHB Roger Rush
|
0-0: Foul Ball, location: 2F 0-1: Ball 1-1: Called Strike 1-2: Fly out, F6 (Line Drive, 6)
|
Top of the 9th over - 1 run(s), 1 hit(s), 1 error(s), 3 left on base; Cincinnati 3 - Little Rock 2 |
BOTTOM OF THE 9TH |
Little Rock Lemmiwinks batting - Pitching for Cincinnati Pride : RHP Pedro Ayala
|
Pitching: RHP Lyle Scalise
|
|
Now at 2B: Jorge Hernández
|
|
Now in LF: José Antonio Delgado
|
|
Batting: RHB Ernesto Villa
|
0-0: Ball 1-0: Ball 2-0: Swinging Strike 2-1: Called Strike 2-2: Foul Ball, location: 2F 2-2: Ball 3-2: SINGLE (Groundball, 56D)
|
Batting: LHB Dave Raines
|
0-0: Called Strike 0-1: Called Strike 0-2: Ball 1-2: Ball 2-2: Ball 3-2: Foul Ball, location: 2F 3-2: Base on Balls Ernesto Villa to second
|
Batting: RHB Jorge Mora
|
0-0: Ball 1-0: Fly out, F9 (Line Drive, 9)
|
Batting: RHB Jaime Hernández
|
0-0: Fly out, F5 (Popup, 5L)
|
Batting: RHB Nicoli Turina
|
0-0: Called Strike 0-1: Foul Ball, location: 2F 0-2: Fly out, F1 (Line Drive, 13S)
|
Bottom of the 9th over - 0 run(s), 1 hit(s), 0 error(s), 2 left on base; Cincinnati 3 - Little Rock 2 |
|